 Dungeon Crawl Stone Soup version 0.29-a0-584-gb10a8bf730 (webtiles) character file.

Game seed: 18035960235874489645

93 Nedwor the Grave Robber (level 4, 0/33 HPs)
             Began as a Demonspawn Necromancer on June 15, 2022.
             Killed from afar by an orc wizard (10 damage)
             ... with a puff of flame
             ... on level 3 of the Dungeon.
             The game lasted 00:06:19 (2866 turns).

Nedwor the Grave Robber (Demonspawn Necromancer)    Turns: 2866, Time: 00:06:19

Health: 0/33       AC: 11    Str:  9    XL:     4   Next: 37%
Magic:  6/7        EV:  0    Int: 18    God:
Gold:   141        SH:  0    Dex: 13    Spells: 7/8 levels left

rFire   . . .      SeeInvis .   o - +0 eveningstar
rCold   . . .      Faith    .   (no shield)
rNeg    . . .      Spirit   .   l - +0 plate armour
rPois   .          Reflect  .   (no helmet)
rElec   .          Harm     .   k - +0 cloak
rCorr   .          Rampage  .   (no gloves)
Will    .....                   (no boots)
Stlth   ..........              (no amulet)
HPRegen 0.11/turn               (no ring)
MPRegen 0.10/turn               (no ring)

@: confused
A: hooves 2, demonic touch 1
a: no special abilities


You were on level 3 of the Dungeon.
You visited 1 branch of the dungeon, and saw 3 of its levels.

You collected 141 gold pieces.

Inventory:

Hand Weapons
 o - a +0 eveningstar (weapon)
Armour
 k - a +0 cloak (worn)
 l - a +0 plate armour (worn)
Scrolls
 c - a scroll of amnesia {unknown}
 e - 4 scrolls of noise {unknown}
 h - a scroll of acquirement {unknown}
 i - a scroll of blinking {unknown}
 n - 2 scrolls of identify {unknown}
Potions
 a - a potion of degeneration {unknown}
 b - a potion of magic
 d - a potion of brilliance {unknown}
 f - 2 potions of attraction {unknown}
 g - a potion of curing {unknown}
 j - a potion of mutation {unknown}
 m - 2 potions of heal wounds {unknown}


   Skills:
 + Level 1.7 Fighting
 + Level 1.1 Maces & Flails
 + Level 0.1 Armour
 + Level 2.4 Dodging
 - Level 1.7 Stealth
 + Level 2.6 Spellcasting
 + Level 4.9 Necromancy


You had 7 spell levels left.
You knew the following spells:

 Your Spells              Type           Power      Damage    Failure   Level
a - Necrotize             Necr           76%        1d7       100%        1

Your spell library contained the following spells:

 Spells                   Type           Power      Damage    Failure   Level
 Vampiric Draining        Necr           19%        2d7       100%        3
 Animate Dead             Necr           19%        N/A       100%        4
 Agony                    Necr           19%        N/A       100%        5


Dungeon Overview and Level Annotations

Branches:
Dungeon (3/15)

Altars:


Innate Abilities, Weirdness & Mutations

You have hoof-like feet.
Your touch may inflict minor irresistible damage on your foes.


Message History

Aiming: Necrotize (safe; 100% risk of failure)
Press: ? - help, Shift-Dir - straight line, f/p - orc wizard
Aim: an orc wizard, wielding a +0 dagger and wearing a +0 robe (chance to affect: 78%)
You miscast Necrotize.
Nothing appears to happen.
The orc wizard gestures at you while chanting.
The puff of flame hits something!
Something hits you but does no damage.
You completely miss something. Your kick misses something.
Something hits you but does no damage.
You barely miss something. Your kick misses something.
Something hits you but does no damage.
You hear some strange, mumbled words.
You are confused.
You completely miss something. Your kick misses something.
Something hits you but does no damage.
You bump into the rock wall.
Something hits you.
You closely miss something. Your touch misses something.
Something hits you but does no damage.
You closely miss something. Your kick misses something.
Your touch misses something. Something hits you but does no damage.
You hear some strange, mumbled words.
You are more confused.
Something hits you but does no damage. The orc wizard casts a spell at you.
The magic dart hits something!
You bump into the rock wall.
You hear some strange, mumbled words.
Something tries to affect you, but you resist.
You bump into the rock wall.
You hear some strange, mumbled words.
A puff of flame appears from out of thin air!
The puff of flame hits you but does no damage.
You bump into the rock wall.
You hear some strange, mumbled words.
A puff of flame appears from out of thin air!
The puff of flame hits you.
Your magical contamination has completely faded away.
You bump into the rock wall.
The orc wizard casts a spell at you. The puff of flame hits you!
You die...

... ## #.# #...###.# .....$).#
#...###.# # #o# #o#
##.########## ##.@##.......#
##.#.##.......# #########
##.##..#.#####.###### #.......#
#.##.......###.##...# #.#####.#
##.#...#.#........#.#
#.#####.######....).#####.##...#
#.#...............#.#####.###.##
#.#.###.########.##.......# #†#
#.......# #.########## #.#


You could see an orc wizard and an orc.

Vanquished Creatures
  Jessica (D:2)
  An adder (D:2)
  2 worms (D:2)
  2 dart slugs
  An orc (D:3)
  4 endoplasms
  2 giant cockroaches
  4 goblins
  4 hobgoblins
  5 ball pythons
  3 bats
  A frilled lizard (D:1)
  9 kobolds
  7 rats
46 creatures vanquished.

Vanquished Creatures (collateral kills)
  A frilled lizard (D:1)
  A rat (D:1)
2 creatures vanquished.

Grand Total: 48 creatures vanquished

Notes
Turn   | Place    | Note
-------+----------+-------------------------------------------
     0 | D:1      | Nedwor the Demonspawn Necromancer began the quest for the
                  | Orb.
     0 | D:1      | Reached XP level 1. HP: 13/13 MP: 3/3
   107 | D:1      | Found a faded altar of an unknown god.
   343 | D:1      | Discovered your monstrous ancestry.
   343 | D:1      | Gained mutation: Your touch may inflict minor irresistible
                  | damage on your foes. [demonic ancestry]
   343 | D:1      | Reached XP level 2. HP: 20/20 MP: 3/5
   682 | D:1      | Reached skill level 1 in Fighting
  1447 | D:2      | Noticed Jessica
  1454 | D:2      | Killed Jessica
  1455 | D:2      | Gained mutation: You have large cloven feet. [demonic
                  | ancestry]
  1455 | D:2      | Reached XP level 3. HP: 15/26 MP: 2/6
  1655 | D:2      | Reached skill level 1 in Maces & Flails
  1991 | D:2      | Gained mutation: You have hoof-like feet. [demonic
                  | ancestry]
  1991 | D:2      | Reached XP level 4. HP: 32/32 MP: 7/7
  2866 | D:3      | Killed from afar by an orc wizard

Illustrated notes

Levels and vault maps discovered:
D:1:      dpeg_arrival_rooms_b, layout_basic, basic_ecumenical_altar,
          minivault_11, dk_noncrumbling_2, minmay_shallow_snake_nest
D:2:      layout_loops_ring, corexii_leaking_fountain, minmay_pentomino_z2,
          uniq_jessica
D:3:      layout_loops_corners, nicolae_figureground_pulse

Skill      XL: |  1  2  3 |
---------------+----------+-----
Dodging        | 2 |  2.4
Fighting       | 1 |  1.7
Maces & Flails | 1 |  1.1
Armour         | |  0.1
Stealth        | |  1.7
Spellcasting   | |  2.6
Necromancy     | |  4.9

Action                   |  1- 3 |  4- 6 || total
-------------------------+-------+-------++-------
Melee: Dagger            |    10 |       ||    10
       Whip              |    26 |       ||    26
       Flail             |    33 |     7 ||    40
       Touch             |    13 |       ||    13
       Kick              |     5 |     4 ||     9
       Eveningstar       |       |    26 ||    26
 Cast: Necrotize         |    19 |       ||    19
 Stab: Sleeping          |     2 |       ||     2
Armor: Robe              |    15 |       ||    15
       Plate armour      |    18 |    41 ||    59
Dodge: Dodged            |    37 |       ||    37

Table legend: (Time is in decaauts)
 A = Elapsed time spent in this place.
 B = Non-inter-level travel time spent in this place.
 C = Inter-level travel time spent in this place.
 D = Time resting spent in this place.
 E = Time spent auto-exploring this place.
 F = Levels seen in this place.
 G = Mean time per level.
                   A        B        C        D        E       F      G
               +--------+--------+--------+--------+--------+-----+--------+
         Total |   2891 |   2842 |     49 |     69 |   2284 |   3 |  963.7 |
       Dungeon |   2891 |   2842 |     49 |     69 |   2284 |   3 |  963.7 |
               +--------+--------+--------+--------+--------+-----+--------+

Top non-repeatable levels by time:
     D:1: 1256 daAuts
     D:2: 1077 daAuts
     D:3: 558 daAuts
